 Dungeon Crawl Stone Soup version 0.29-a0-577-gafbf2c5d25 (webtiles) character file.

Game seed: 11268913564341141326

1 DocClef the Sneak (level 1, -1/19 HPs)
             Began as a Draconian Delver on June 13, 2022.
             Slain by a jackal (2 damage)
             ... on level 5 of the Dungeon.
             The game lasted 00:00:11 (46 turns).

DocClef the Sneak (Draconian Delver)                  Turns: 46, Time: 00:00:12

Health: -1/19      AC:  4    Str: 14    XL:     1   Next: 16%
Magic:  1/1        EV: 12    Int: 10    God:
Gold:   5          SH:  0    Dex: 12    Spells: 0/0 levels left

rFire   . . .      SeeInvis .   g - +1 falchion (pain)
rCold   . . .      Faith    .   (no shield)
rNeg    . . .      Spirit   .   (body armour unavailable)
rPois   .          Reflect  .   (helmet restricted)
rElec   .          Harm     .   (no cloak)
rCorr   .          Rampage  .   (no gloves)
Will    .....                   (no boots)
Stlth   +++.......              (no amulet)
HPRegen 0.06/turn               (no ring)
MPRegen 0.07/turn               (no ring)

@: no status effects
A: AC +4, unfitting armour, cold-blooded
a: no special abilities


You were on level 5 of the Dungeon.
You visited 1 branch of the dungeon, and saw 1 of its levels.

You collected 5 gold pieces.

Inventory:

Hand Weapons
 a - a +0 short sword
 g - a +1 falchion of pain (weapon)
Wands
 f - a wand of digging (3)
Scrolls
 b - a scroll of fog
 c - a scroll of magic mapping
 d - a scroll of fear
Potions
 e - a potion of haste


   Skills:
 + Level 3.3 Fighting
 + Level 2.0 Short Blades
 + Level 1.8 Dodging
 + Level 4.5 Stealth


You couldn't memorise any spells.
You didn't know any spells.
Your spell library was empty.

Dungeon Overview and Level Annotations

Branches:
Dungeon (5/15)
 Temple: D:4-7

Altars:


Innate Abilities, Weirdness & Mutations

Your plain brown scales are hard. (AC +4)
You cannot fit into any form of body armour.
You are cold-blooded and may be slowed by cold attacks.


Message History

The orc hits you with a +0 mace.
The orc wizard casts a spell.
The orc wizard flickers and vanishes!
Deactivating autopickup; reactivate with Ctrl-A.
You closely miss the orc.
The orc is almost dead.
The jackal bites you but does no damage.
The orc misses you.
Unknown command.
The jackal attacks as you move away! The jackal closely misses you.
The orc attacks as you move away! The orc hits you with a +0 hand axe.
A jackal comes into view.
The jackal bites you. The jackal attacks as you move away!
The jackal misses you. The jackal barely misses you.
You miss the jackal. The jackal misses you. The jackal barely misses you.
You barely miss the jackal. The jackal barely misses you.
You completely miss the jackal.
The jackal barks!
You tail-slap the jackal, but do no damage.
The jackal closely misses you. The jackal bites you.
You slash the jackal!
You kill the jackal!
You closely miss the orc. The orc hits you with a +0 whip.
* * * LOW HITPOINT WARNING * * *
You barely miss the orc. The orc hits you with a +0 whip.
* * * LOW HITPOINT WARNING * * *
You closely miss the orc.
Your tail-slap misses the orc.
The orc closely misses you.
You closely miss the orc. You punch the orc.
The orc is heavily wounded.
The orc barely misses you. The orc hits you but does no damage.
Unknown command.
You completely miss the orc.
Your tail-slap misses the orc.
The orc is heavily wounded.
The orc misses you.
You hit the orc.
You kill the orc!
The jackal bites you.
You die...

#.#.......# $# #!###
#.......# .# ##...###
#.......# .#
#..⌠...### ####.####
.####........#
#.#####...#..........
#......# ##........⌠.
######.###.....⌠.....
#..##{⌠........#
#..@hoo........#
#.####.$......## #.#
###...⌠..# #.#
###...## #.# ##...
#.# ### #.# #.


You could see 2 orcs and a jackal.

Vanquished Creatures
  An orc (D:5)
  A jackal (D:5)
2 creatures vanquished.

Notes
Turn   | Place    | Note
-------+----------+-------------------------------------------
     0 | D:5      | DocClef the Draconian Delver began the quest for the Orb.
     0 | D:5      | Reached XP level 1. HP: 19/19 MP: 1/1
    18 | D:5      | Noticed an orc wizard
    46 | D:5      | Slain by a jackal

Illustrated notes

Levels and vault maps discovered:
D:5:      minmay_skewed_foursquare, layout_loops_ring,
          minmay_temple_entry_stoned_glass, serial_shops, shop

Action                   || total
-------------------------++-------
Melee: Falchion          ||    12
       Tailslap          ||     2
       Punch             ||     1
Armor: Skin              ||     2
Dodge: Dodged            ||    11

Table legend: (Time is in decaauts)
 A = Elapsed time spent in this place.
 B = Non-inter-level travel time spent in this place.
 C = Inter-level travel time spent in this place.
 D = Time resting spent in this place.
 E = Time spent auto-exploring this place.
 F = Levels seen in this place.
 G = Mean time per level.
                   A        B        C        D        E       F      G
               +--------+--------+--------+--------+--------+-----+--------+
         Total |     48 |     48 |      0 |      0 |     15 |   1 |   48.0 |
       Dungeon |     48 |     48 |      0 |      0 |     15 |   1 |   48.0 |
               +--------+--------+--------+--------+--------+-----+--------+

Top non-repeatable levels by time:
     D:5: 48 daAuts
